Unix NetHack Version 3.7.0-101 Work-in-progress - last build Mar 25 2024 11:18:41 (462964f8eaac915e699fc3a71b43428251fec12b,branch:master). Game began 2024-03-27 18:09:54, ended 2024-03-28 13:14:34. elenmirie, neutral female gnomish Archeologist -------- |..>.... |......| |....@o- |......| |......| |......| -.------ # # # % --|--- |....| |)=](| |%.??| ------ Elenmirie the Investigator St:16 Dx:12 Co:9 In:19 Wi:15 Ch:9 Neutral Dlvl:6 $:0 HP:0(50) Pw:31(31) AC:3 Xp:6/571 T:6751 Burdened Latest messages: "Hello, elenmirie! Welcome again to Matagami's general store!" You see here a moonstone ring (for sale, 133 zorkmids). You are beginning to feel weak. What do you want to eat? [dlqB or ?*] ? This food really hits the spot! You finish eating the food ration. Wait! That's a giant mimic! You cannot escape from the giant mimic! What do you want to use or apply? [aegintwyzDJKMQ or ?*] Never mind. What do you want to use or apply? [aegintwyzDJKMQ or ?*] j Sorry, I don't know how to use that. You pull free from the giant mimic. You see here a long sword (for sale, 20 zorkmids). The Uruk-hai hits! You begin bashing monsters with your bare hands. You miss the Uruk-hai. The Uruk-hai hits! You hit the Uruk-hai. The Uruk-hai misses! You hit the Uruk-hai. The Uruk-hai hits! You hit the Uruk-hai. The Uruk-hai hits! You hit the Uruk-hai. The Uruk-hai hits! You hit the Uruk-hai. The Uruk-hai hits! You miss the Uruk-hai. You kill the Uruk-hai! You see here an Uruk-hai corpse. You hear the chime of a cash register. You stop searching. You feel agile! You must have been working on your reflexes. You stop searching. The Uruk-hai just misses! The Uruk-hai hits! The Uruk-hai misses! You hit the Uruk-hai. You miss the Uruk-hai. The Uruk-hai hits! You miss the Uruk-hai. The Uruk-hai hits! You die... Do you want your possessions identified? [ynq] (y) y Do you want to see your attributes? [ynq] (y) y Do you want an account of creatures vanquished? [ynaq] (y) y Do you want to see your conduct and achievements? [ynq] (y) y Do you want to see the dungeon overview? [ynq] (y) y Inventory: Amulets p - an uncursed amulet of magical breathing (being worn) Weapons x - 2 uncursed +0 darts j - 9 uncursed +0 shuriken (at the ready) a - a blessed +2 bullwhip (alternate weapon; not wielded) Armor c - an uncursed +0 fedora (being worn) F - a cursed -1 pair of levitation boots r - an uncursed +0 oilskin cloak (being worn) u - an uncursed +4 leather armor (being worn) Comestibles B - an uncursed banana d - 3 uncursed food rations q - 2 uncursed fortune cookies l - an uncursed tripe ration Wands J - an uncursed wand of cancellation (0:3) y - an uncursed wand of digging (0:4) z - an uncursed wand of striking (0:1) Tools w - an uncursed sack containing 13 items Q - an uncursed horn of plenty (0:2) n - an uncursed bugle K - an uncursed lock pick i - an uncursed oil lamp e - an uncursed skeleton key M - 4 uncursed tallow candles D - an uncursed tin whistle t - an uncursed tinning kit (0:62) Gems/Stones G - an uncursed dilithium crystal g - an uncursed touchstone Contents of the sack: 1045 gold pieces an uncursed scroll of enchant armor an uncursed scroll of food detection an uncursed scroll of remove curse a cursed scroll of scare monster a cursed scroll of teleportation an uncursed potion of acid an uncursed potion of blindness an uncursed potion of extra healing 3 uncursed potions of healing an uncursed potion of object detection an uncursed potion of water an uncursed +0 pick-axe Elenmirie the Archeologist's attributes: Background: You were an Investigator, a level 6 female gnomish Archeologist. You were neutral, on a mission for Camaxtli who was opposed by Quetzalcoatl (lawful) and Huhetotl (chaotic). You were left-handed. You were in the Dungeons of Doom, on level 6. You entered the dungeon 6751 turns ago. You had 571 experience points, 69 more were needed to attain level 7. Basics: You had 0 out of 50 hit points. You had all 31 energy points (spell power). Your armor class was 3. Your wallet was empty, but you had 1045 zorkmids stashed away in your pack. Autopickup was on for '$' plus thrown. Final Characteristics: Your strength was 16 (limit:18/50). Your dexterity was 12 (limit:18). Your constitution was 9 (peak:11, limit:18). Your intelligence was 19 (limit:19). Your wisdom was 15 (limit:18). Your charisma was 9 (limit:18). Final Status: You weren't hungry. You were burdened; movement was slightly slowed. You were bare handed. You were unskilled in bare handed combat. Final Attributes: You were piously aligned. You were cold resistant. You were sleep resistant. You were telepathic. You had automatic searching. You had infravision. You were stealthy. You could survive without air. You were guarded. You are dead. Miscellaneous: You never encountered a bones level. Total elapsed playing time was 1 hour, 22 minutes and 2 seconds. Major events: Turn 1: elenmirie the neutral female gnomish Archeologist entered the dungeon 1058: attained the rank of Field Worker (level 3) 2023: entered the Gnomish Mines 3749: reached Mine Town 4691: attained the rank of Investigator (level 6) 6751: killed by an Uruk-hai Vanquished creatures: a leprechaun 4 orc-captains a dingo a dog a blue jelly an imp a wood nymph 2 water nymphs a Mordor orc 8 Uruk-hai 6 orc shamans a pony a fog cloud a yellow light a shrieker a violet fungus a gnome leader a kobold mummy a ghoul a straw golem 7 giant ants 3 floating eyes 5 dwarves 4 homunculi a kobold shaman 12 hill orcs 2 rothes a rabid rat a centipede a wererat 3 iguanas 3 acid blobs 4 hobbits a large kobold 4 giant rats 7 cave spiders a brown mold 2 yellow molds 3 gnomes 4 garter snakes 2 gnome zombies 3 geckos 14 jackals 2 foxes 2 kobolds 6 goblins 2 sewer rats 13 grid bugs 3 bats 6 lichens 4 kobold zombies 11 newts 173 creatures vanquished. No species were genocided or became extinct. Voluntary challenges: You read items or engraved 2 times. You never engraved Elbereth. You never genocided any monsters. You never polymorphed an object. You never changed form. You used no wishes. Achievements: You entered a shop. You attained the rank of Field Worker. You entered the Gnomish Mines. You entered Minetown. You attained the rank of Investigator. The Dungeons of Doom: levels 1 to 6 Level 1: Some fountains. Level 2: A fountain. Level 3: Some fountains. Stairs down to The Gnomish Mines. Level 4: Level 5: Level 6: <- You were here. Final resting place for you, killed by an Uruk-hai. The Gnomish Mines: levels 4 to 6 Level 4: Level 5: Level 6: An altar, some fountains. Game over: ---------- / \ / REST \ / IN \ / PEACE \ / \ | elenmirie | | 1045 Au | | killed by an | | Uruk-hai | | | | | | 2024 | *| * * * | * _________)/\\_//(\/(/\)/\//\/|_)_______ Goodbye elenmirie the Archeologist... You died in The Dungeons of Doom on dungeon level 6 with 3495 points, and 1045 pieces of gold, after 6751 moves. You were level 6 with a maximum of 50 hit points when you died.